Map: Бюро находок РВ

Players

ИИ 1 (знаток) - Winner!

  • Race: Terran Terran
  • Spawn Location: 1:00

Doll

  • Race: Protoss Protoss
  • Spawn Location: 7:00

VOD

Have the link to the VOD?

Description

Time

  • Played on: Dec. 18, 2020, 4:30 p.m.
  • Length: 11:46
Show
View Real Time Build Order
Export as new Build Order

ИИ 1 (знаток) Terran - Winner!

Build Orders: 2 Factory 

Get SALT Encoding   

  12  0:00  SCV  
  13  0:13  SCV  
  14  0:18  Supply Depot  
  14  0:25  SCV  
  15  0:39  SCV  
  15  0:42  Barracks  
  16  0:52  SCV  
  17  1:04  SCV  
  18  1:15  Command Center  
  18  1:28  Orbital Command  
  18  1:29  Marine  
  19  1:38  Supply Depot  
  19  1:44  Refinery  
  19  1:47  Marine  
  20  1:54  SCV  
  20  2:00  Barracks  
  21  2:07  Refinery, SCV  
  22  2:12  Marine  
  23  2:19  SCV  
  24  2:28  Supply Depot  
  24  2:30  Marine  
  24  2:32  SCV  
  26  2:46  Marine  
  26  2:47  SCV  
  26  2:49  SCV, Barracks Tech Lab  
  29  2:59  SCV  
  29  3:01  SCV  
  29  3:04  Marine  
  32  3:08  Factory, Marauder  
  32  3:11  SCV  
  35  3:13  SCV  
  36  3:23  SCV, Factory, Barracks Tech Lab  
  36  3:25  SCV  
  38  3:38  Refinery  
  38  3:45  Refinery  
  38  3:52  Factory Tech Lab  
  38  3:55  Starport  
  38  4:05  Starport  
  38  4:06  Factory Tech Lab  
  38  4:12  Marauder  
  40  4:21  Marauder  
  40  4:23  SCV  
  43  4:25  SCV  
  43  4:31  Starport Tech Lab  
  44  4:33  Reaper  
  44  4:35  SCV  
  44  4:37  SCV  
  44  4:38  Supply Depot  
  47  4:39  Ghost Academy  
  47  4:41  Starport Tech Lab  
  47  4:47  SCV  
  47  4:49  Medivac, SCV  
  51  4:56  Stimpack  
  51  4:59  SCV  
  52  5:01  SCV  
  53  5:07  Supply Depot  
  53  5:08  Combat Shield  
  53  5:09  Ghost  
  53  5:12  SCV  
  53  5:13  SCV  
  57  5:21  Engineering Bay  
  57  5:24  SCV  
  57  5:26  SCV  
  59  5:32  Marine  
  60  5:36  SCV  
  60  5:41  Supply Depot, Marine  
  60  5:42  SCV  
  63  5:48  SCV, Terran Infantry Weapons Level 1  
  64  5:50  Marine  
  64  5:54  SCV  
  66  5:59  Marine  
  66  6:03  SCV  
  68  6:05  Supply Depot  
  68  6:06  SCV  
  68  6:08  Marine  
  70  6:15  SCV  
  70  6:16  Marine  
  70  6:18  SCV  
  73  6:26  Marauder  
  73  6:27  Medivac, Concussive Shells, SCV  
  73  6:30  Supply Depot  
  78  6:33  SCV  
  78  6:35  Marauder  
  81  6:41  Missile Turret  
  81  6:43  Missile Turret  
  81  6:46  Missile Turret  
  81  6:48  Marauder  
  81  6:49  Missile Turret  
  81  6:51  Medivac  
  81  6:53  Supply Depot  
  85  6:56  Raven, Marauder  
  89  7:01  Sensor Tower  
  89  7:03  Bunker  
  89  7:09  Reaper, Barracks  
  89  7:13  Armory  
  90  7:17  Ghost  
  90  7:21  Raven, Bunker  
  94  7:23  Supply Depot  
  93  7:42  Terran Infantry Armor Level 1  
  93  7:55  Barracks Reactor  
  93  8:45  Raven, Banshee  
  93  8:48  Marine, Factory  
  98  8:52  Marine  
  98  8:54  Starport, Command Center  
  100  8:55  Marine  
  100  8:58  Supply Depot  
  100  8:59  Marine  
  100  9:02  Engineering Bay  
  102  9:03  Siege Tank  
  102  9:06  Cyclone  
  108  9:17  Terran Vehicle Weapons Level 1  
  108  9:22  Supply Depot  
  108  9:27  Banshee  
  108  9:28  Terran Infantry Weapons Level 2  
  108  9:30  Marine, Starport Reactor  
  110  9:32  Hellion, Viking  
  110  9:35  Hellion  
  110  9:39  Hellion  
  110  9:40  Marine, SCV  
  110  9:43  Marine  
  104  9:47  Supply Depot, Marine  
  91  9:53  SCV  
  91  9:54  Factory Tech Lab  
  91  9:56  Marine  
  91  9:57  Hellion  
  90  10:02  Viking  
  90  10:05  SCV  
  90  10:06  SCV  
  92  10:10  Viking  
  92  10:13  Command Center  
  94  10:17  Refinery, SCV  
  94  10:19  Refinery  
  95  10:27  Siege Tank  
  97  10:31  Marine  
  97  10:34  Marine  
  86  10:38  Marine  
  86  10:41  SCV, Marine  
  69  10:48  Marine  
  69  10:49  SCV  
  71  10:52  Marine  
  71  10:53  SCV  
  71  10:56  Marine  
  74  10:59  Marine  
  74  11:00  Medivac  
  74  11:01  SCV  
  78  11:05  SCV  
  78  11:06  Marine  
  78  11:10  Marauder  
  78  11:13  Marine  
  78  11:17  Marine  
  68  11:19  SCV  
  68  11:20  SCV  
  68  11:25  SCV, Marauder  
  62  11:31  SCV  
  57  11:33  SCV  
Show
View Real Time Build Order
Export as new Build Order

Doll Protoss 

Build Orders: 1 Gate Expand 

Get SALT Encoding   

  12  0:01  Probe  
  13  0:13  Probe  
  14  0:21  Pylon  
  14  0:26  Probe  
  15  0:42  Gateway, Probe (Chrono Boost)  
  16  0:52  Probe (Chrono Boost)  
  17  0:58  Probe  
  17  1:00  Pylon  
  18  1:07  Assimilator  
  18  1:12  Probe (Chrono Boost)  
  19  1:22  Probe (Chrono Boost)  
  20  1:31  Nexus  
  20  1:37  Zealot  
  22  1:42  Probe  
  23  1:47  Assimilator  
  23  1:55  Probe  
  23  2:00  Cybernetics Core  
  24  2:04  Zealot  
  26  2:11  Probe  
  27  2:17  Pylon  
  27  2:25  Gateway  
  27  2:26  Probe  
  28  2:36  Warp Gate  
  28  2:37  Zealot  
  30  2:46  Probe  
  30  2:47  Gateway  
  30  2:49  Probe  
  32  2:59  Probe  
  32  3:02  Probe  
  32  3:05  Stalker  
  36  3:12  Stalker  
  38  3:13  Probe  
  38  3:15  Probe  
  40  3:25  Probe  
  40  3:26  Pylon  
  41  3:28  Probe  
  42  3:35  Stalker  
  42  3:37  Sentry  
  42  3:40  Probe  
  47  3:42  Adept  
  47  3:45  Probe  
  50  3:48  Pylon  
  50  3:52  Probe  
  51  3:59  Probe  
  51  4:01  Robotics Facility  
  52  4:03  Adept  
  52  4:05  Adept  
  52  4:07  Probe  
  57  4:13  Probe, Adept  
  60  4:19  Pylon  
  60  4:20  Probe  
  61  4:26  Probe  
  61  4:28  Twilight Council  
  62  4:32  Probe  
  63  4:40  Probe, Assimilator  
  63  4:42  Adept  
  63  4:43  Assimilator  
  66  4:45  Stalker  
  66  4:47  Pylon  
  66  4:49  Probe  
  69  4:54  Observer, Gateway, Probe  
  69  4:58  Stalker  
  73  5:01  Probe  
  73  5:06  Adept  
  76  5:08  Probe  
  76  5:09  Adept  
  79  5:17  Pylon  
  79  5:19  Charge  
  79  5:20  Probe  
  80  5:22  Stalker  
  80  5:23  Probe  
  80  5:28  Stalker  
  85  5:34  Probe  
  86  5:38  Probe  
  87  5:43  Stalker  
  87  5:49  Probe, Nexus  
  90  5:52  Adept  
  90  5:53  Sentry  
  94  5:58  Pylon  
  94  6:01  Pylon  
  94  6:07  Forge  
  94  6:12  Forge  
  94  6:18  Stalker, Templar Archives  
  96  6:21  Probe x2  
  96  6:24  Stalker  
  100  6:28  Stalker  
  102  6:32  Stalker  
  102  6:36  Probe  
  102  6:37  Probe  
  106  6:40  Pylon  
  106  6:45  Stalker  
  108  6:48  Stalker  
  108  6:52  Pylon  
  110  7:01  Blink  
  110  7:02  High Templar  
  112  7:11  Zealot x2  
  112  7:12  Zealot  
  112  7:13  Psionic Storm  
  112  7:15  Probe x3  
  120  7:22  Protoss Ground Weapons Level 1  
  121  7:23  Pylon  
  121  7:30  Probe x3  
  121  7:33  Zealot  
  121  7:34  Zealot  
  121  7:36  High Templar  
  130  7:37  Assimilator  
  130  7:40  Stalker  
  130  7:41  Assimilator  
  130  7:43  Probe x3  
  135  7:49  Pylon  
  135  7:53  Gateway  
  135  7:54  Protoss Ground Armor Level 1  
  135  7:56  Probe x2  
  135  7:57  Probe  
  138  7:58  Zealot  
  138  7:59  Zealot  
  138  8:04  Zealot  
  144  8:08  Observer  
  144  8:09  Probe  
  144  8:10  Probe x2  
  144  8:12  Pylon  
  148  8:13  High Templar  
  150  8:25  High Templar  
  150  8:26  Zealot x2  
  156  8:33  Pylon  
  156  8:45  Nexus  
  156  8:46  High Templar  
  156  8:47  High Templar  
  160  8:48  Stalker  
  160  8:49  Zealot  
Tags
 
Add a new tag
Caveats
  • Supply blocks, unpowered buildings, or Contaminate may cause inaccurate times.
  • Supply counts are checked every 10 seconds.